 Dungeon Crawl Stone Soup version 0.30-a0-913-g9934a0ce24 (webtiles) character file.

Game seed: 13741561916154644834

1950 DskReedErrur the Arsonist (level 9, -18/43 (45) HPs)
             Began as a Tengu Fire Elementalist on Feb 21, 2023.
             Was a Priest of Ashenzari.
             Engulfed by a cloud of flame (21 damage)
             ... on level 6 of the Dungeon on Mar 19, 2023.
             The game lasted 01:27:58 (6674 turns).

DskReedErrur the Arsonist (Tengu Fire Elementalist) Turns: 6674, Time: 01:27:58

HP:   -18/43 (45)   AC:  4    Str:  9    XL:     9   Next: 18%
MP:   12/20         EV: 15    Int: 20    God:    Ashenzari [***...]
Gold: 360           SH:  0    Dex: 14    Spells: 7/22 levels left

rFire   . . .      SeeInvis +    c - +0 dagger of the Tethered Pleiades {Self, Elem} (curse)
rCold   . . .      Faith    .    (no shield)
rNeg    . . .      Spirit   .    a - +0 robe "Servitude of Ashenzari" {Range, Cun} (curse)
rPois   .          Reflect  .    (helmet restricted)
rElec   .          Rampage  .    n - +0 cloak of the Eye in the Sky {Fort, Elem} (curse)
rCorr   .          Clarity  +    q - +0 pair of gloves "Doubts of Ashenzari" {Evo, Elem} (curse)
Will    .....                    (boots unavailable)
Stlth   ++                       (no amulet)
HPRegen 0.27/turn                (no ring)
MPRegen 0.17/turn                (no ring)

@: flying quickly and evasively, lightly drained, quick
A: beak, talons 3, nimble flight
a: Renounce Religion, Shatter the Chains


You were on level 6 of the Dungeon.
You worshipped Ashenzari.
Ashenzari was most pleased with you.
You visited 1 branch of the dungeon, and saw 6 of its levels.
You also visited: Sewer.

You collected 360 gold pieces.

Inventory:

Hand Weapons
 c - the cursed +0 dagger of the Tethered Pleiades (weapon) {Self, Elem}
   (You took it off a goblin on level 1 of the Dungeon)

   It has a curse which improves the following skills: Introspection: Fighting
   and Spellcasting.
   Elements:  Fire Magic, Ice Magic, Air Magic and Earth Magic.
 t - a +2 dagger of venom
Missiles
 l - 3 poisoned darts
 v - 5 throwing nets
Armour
 a - the cursed +0 robe "Servitude of Ashenzari" (worn) {Range, Cun}

   It has a curse which improves the following skills: Ranged Combat: Ranged
   Weapons and Throwing.
   Cunning:   Dodging and Stealth.
 n - the cursed +0 cloak of the Eye in the Sky (worn) {Fort, Elem}
   (You found it on level 5 of the Dungeon)

   It has a curse which improves the following skills: Fortitude: Armour and
   Shields.
   Elements:  Fire Magic, Ice Magic, Air Magic and Earth Magic.
 q - the cursed +0 pair of gloves "Doubts of Ashenzari" (worn) {Evo, Elem}
   (You found it in a sewer)

   It has a curse which improves the following skills: Evocations: Evocations.
   Elements:  Fire Magic, Ice Magic, Air Magic and Earth Magic.
 w - a +1 helmet of intelligence
Wands
 u - a wand of iceblast (7)
Scrolls
 f - 3 scrolls of teleportation
 g - a scroll of fog
 j - 2 scrolls of amnesia
 m - a scroll of poison
 o - a scroll of brand weapon
 r - 2 scrolls of fear
Potions
 b - a potion of magic
 d - 2 potions of berserk rage
 e - a potion of lignification
 h - 3 potions of resistance
 i - 3 potions of might
 k - 2 potions of curing
 p - 2 potions of brilliance


   Skills:
 - Level 2.4(3.6) Dodging
 - Level 2.2(3.4) Stealth
 + Level 5.6(7.1) Spellcasting
 - Level 2.3 Conjurations
 - Level 2.0 Hexes
 - Level 2.1 Translocations
 + Level 9.1(12.1) Fire Magic
 - Level 5.4(8.3) Air Magic


You had 7 spell levels left.
You knew the following spells:

 Your Spells              Type           Power      Damage    Failure   Level
a - Foxfire               Conj/Fire      100%       2x1d9     1%          1
b - Scorch                Fire           100%       2d10      1%          2
c - Inner Flame           Hex/Fire       35%        N/A       1%          3
d - Kindle Blastsparks    Fire/Tloc/Air  74%        2d16      1%          3
e - Blink                 Tloc           30%        N/A       6%          2
f - Flame Wave            Conj/Fire      36%        2d10      4%          4

Your spell library contained the following spells:

 Spells                   Type           Power      Damage    Failure   Level
 Momentum Strike          Conj/Tloc      32%        3d8       5%          2
 Lesser Beckoning         Tloc           30%        N/A       6%          2
 Ensorcelled Hibernation  Hex/Ice        24%        N/A       9%          2
 Gell's Gravitas          Tloc           15%        N/A       12%         3
 Teleport Other           Tloc           15%        N/A       12%         3
 Spider Form              Tmut/Pois      7%         N/A       28%         3
 Anguish                  Hex/Necr       5%         N/A       52%         4


Dungeon Overview and Level Annotations

Branches:
Dungeon (6/15)             Temple (0/1) D:4           Sewer (visited)

Altars:
Ashenzari
Fedhas
Trog
Vehumet
Yredelemnul


Innate Abilities, Weirdness & Mutations

You have a beak for a mouth.
You have claws for feet.
Your magical nature lets you fly swiftly and evasively.


Message History

The sleepcap is filled with an inner flame.
A wight comes into view.
It is wielding a +3 battleaxe of freezing.
Casting: Inner Flame (safe; 1% risk of failure)
Confirm with . or Enter, or press ? or * to list all spells.
There is not enough space to conjure foxfire!
Casting: Foxfire (safe; 1% risk of failure)
Confirm with . or Enter, or press ? or * to list all spells.
Casting: Flame Wave (dangerous; 4% risk of failure)
Press: ? - help, Dir - look around, f - activate A wave of flame ripples out!
The flame wave engulfs the wight.
The wight is lightly damaged.
The flame wave engulfs the sleepcap!
Flame seeps out of the sleepcap.
The sleepcap is heavily damaged. (Press . to intensify the flame waves.)
The wight closely misses you.
The wight hits you with a +3 battleaxe of freezing!
You feel drained. The wight freezes you.
The sleepcap is engulfed in blazing flames.
Flame seeps out of the sleepcap.
The sleepcap misses you.
A wave of flame ripples out!
The flame wave engulfs the wight.
The wight is moderately damaged.
The flame wave engulfs the sleepcap.
Flame seeps out of the sleepcap.
The sleepcap is almost destroyed.
The flame wave engulfs the wight!
The wight is severely damaged.
The wight closely misses you.
The sleepcap is engulfed in blazing flames.
The sleepcap explodes!
The fiery explosion engulfs you!!
Ouch! That really hurt!
* * * LOW HITPOINT WARNING * * *
The wight completely misses you.
You feel much better.
You are engulfed in blazing flames.
Ouch! That really hurt!
* * * LOW HITPOINT WARNING * * *
The wight closely misses you.
A wight comes into view. It is wielding a +3 dire flail.
The wight closely misses you.
You are engulfed in blazing flames.
You die...

, , * * , * *
**# , , * , ,,
, .# ,* * * *
#.## * *
###...# , ,*
##..#** , *
#.zz## , ,
#...#@## ,
#..#.##.# *
*....#..{##..#
* * , ..#..#.#
z....
*#..##.#.#,
..####* , ..
*#,.#$ ..# ,
,# * ,..# ,
..# * * * ..#


You could see 3 wights.

Vanquished Creatures
  Duvessa (D:6)
  Pargi (Sewer)
  A wolf (D:4)
  A phantom (D:4)
  A kobold brigand (Sewer)
  A necrophage (D:4)
  4 gnoll sergeants (D:5)
  A bullfrog (D:6)
  2 scorpions
  Dowan (D:6)
  2 howler monkeys (D:5)
  A jelly (D:5)
  7 hounds
  3 orc priests
  3 gnoll boudas (D:5)
  A sleepcap (D:6)
  3 iguanas
  An orc wizard (D:3)
  16 gnolls (D:5)
  2 river rats (D:4)
  6 adders
  A shadow imp (D:5)
  An ufetubus (D:5)
  2 worms (D:3)
  A dart slug (D:1)
  13 orcs
  8 ball pythons
  7 endoplasms
  6 giant cockroaches
  6 goblins
  14 hobgoblins
  8 jackals
  6 quokkas
  8 bats
  4 frilled lizards (D:1)
  11 kobolds
  4 rats
159 creatures vanquished.

Vanquished Creatures (collateral kills)
  2 foxfires (D:4)
2 creatures vanquished.

Vanquished Creatures (others)
  397 foxfires
  2 plants (D:4)
399 creatures vanquished.

Grand Total: 560 creatures vanquished

Notes
Turn   | Place    | Note
-------+----------+-------------------------------------------
     0 | D:1      | DskReedErrur the Tengu Fire Elementalist began the quest
                  | for the Orb.
     0 | D:1      | Reached XP level 1. HP: 10/10 MP: 4/4
   268 | D:1      | Reached XP level 2. HP: 15/15 MP: 4/6
   792 | D:1      | Reached XP level 3. HP: 19/19 MP: 4/7
   794 | D:1      | Reached skill level 1 in Air Magic
   943 | D:1      | Learned a level 2 spell: Scorch
   947 | D:1      | Learned a level 3 spell: Inner Flame
  1579 | D:2      | Found a faded altar of an unknown god.
  1590 | D:2      | Prayed at the altar of an unknown god.
  1590 | D:2      | Became a worshipper of Ashenzari the Shackled
  1610 | D:2      | Found a basalt altar of Yredelemnul.
  1753 | D:2      | Reached skill level 1 in Hexes
  1753 | D:2      | Reached XP level 4. HP: 23/24 MP: 8/8
  2323 | D:2      | Reached * piety under Ashenzari
  2704 | D:3      | Reached skill level 4 in Fire Magic
  2704 | D:3      | Gained mutation: Your magical nature lets you fly swiftly
                  | and evasively. [Tengu growth]
  2704 | D:3      | Reached XP level 5. HP: 18/28 MP: 1/10
  3009 | D:3      | Found a bloodstained altar of Trog.
  3059 | D:3      | Found a blossoming altar of Fedhas.
  3075 | D:3      | Learned a level 3 spell: Kindle Blastsparks
  3561 | D:4      | Noticed a phantom
  3655 | D:4      | Killed a phantom
  3656 | D:4      | Reached skill level 1 in Translocations
  3656 | D:4      | Reached XP level 6. HP: 14/32 MP: 3/11
  3817 | D:4      | Found a glowing drain.
  3825 | D:4      | Reached skill level 5 in Fire Magic
  4056 | Sewer    | Entered a sewer
  4105 | Sewer    | Noticed Pargi
  4111 | Sewer    | Killed Pargi
  4112 | Sewer    | Reached XP level 7. HP: 23/36 MP: 6/12
  4115 | Sewer    | Learned a level 2 spell: Blink
  4142 | Sewer    | Reached skill level 5 in Air Magic
  4229 | Sewer    | Reached ** piety under Ashenzari
  4355 | D:4      | Found a staircase to the Ecumenical Temple.
  4634 | D:4      | Reached skill level 6 in Fire Magic
  4813 | D:5      | Entered Level 5 of the Dungeon
  4956 | D:5      | Reached XP level 8. HP: 34/41 MP: 10/14
  5069 | D:4      | Reached skill level 7 in Fire Magic
  5167 | D:4      | Upgraded the game from 0.30-a0-800-g7c544603b3 to
                  | 0.30-a0-913-g9934a0ce24
  5172 | D:4      | Learned a level 4 spell: Flame Wave
  5280 | D:5      | Found a radiant altar of Vehumet.
  5661 | D:5      | Reached *** piety under Ashenzari
  5681 | D:5      | Reached skill level 8 in Fire Magic
  6339 | D:5      | Reached skill level 5 in Spellcasting
  6481 | D:5      | Reached XP level 9. HP: 45/45 MP: 16/19
  6549 | D:6      | Noticed Duvessa
  6549 | D:6      | Noticed Dowan
  6554 | D:6      | Killed Dowan
  6558 | D:6      | Reached skill level 9 in Fire Magic
  6558 | D:6      | Killed Duvessa
  6674 | D:6      | Engulfed by a cloud of flame

Illustrated notes

Levels and vault maps discovered:
D:1:      co_arrival_random_square_maze, layout_basic
D:2:      layout_basic, basic_altar, chequers_ecumenical_altar_simple,
          roderic_lattice_a, amcnicky_mini_corridor_feature, st_stairs_6,
          minmay_misc_feat_tower, minivault_23, interstate_on_off,
          hangedman_feature_mirror
D:3:      kennysheep_big_flooded_room, layout_loops_ring,
          mainiacjoe_overflow_cross_hatched, bloody_trog
D:4:      layout_rooms, temple_pool_b, portal_sewer_entry_a, hex_tiny,
          serial_bayou_pond_a
D:5:      layout_cave_pools, nicolae_overflow_crystal_walls, serial_gnoll_camp,
          gnoll_camp_medium_01, gnoll_camp_mini_hut, gnoll_camp_mini_hut,
          gnoll_camp_mini_basic, gnoll_camp_huts_basic
D:6:      layout_loops_ring, bloody_makhleb, minmay_unpleasant_kobolds,
          uniq_grinder, uniq_duvessa

Skill      XL: |  1  2  3  4  5  6  7  8  9 |
---------------+----------------------------+-----
Conjurations   | 2 |  2.3
Air Magic      | 1 2 3 4 5 |  5.4
Hexes          | 1 2 |  2.0
Fire Magic     | 4 5 6 8 9 |  9.1
Translocations | 1 2 |  2.1
Spellcasting   | 5 |  5.6
Dodging        | |  2.4
Stealth        | |  2.2

Action                     |  1- 3 |  4- 6 |  7- 9 || total
---------------------------+-------+-------+-------++-------
  Melee: Unarmed           |     4 |       |       ||     4
         Dagger            |    48 |    48 |    24 ||   120
         Kick              |     9 |    14 |     8 ||    31
         Peck              |     6 |     9 |     3 ||    18
   Cast: Foxfire           |    41 |    72 |   130 ||   243
         Scorch            |       |     9 |    11 ||    20
         Kindle Blastspark |       |     2 |     6 ||     8
         Inner Flame       |       |       |     7 ||     7
         Blink             |       |       |     1 ||     1
         Flame Wave        |       |       |     3 ||     3
 Invoke: Curse Item        |     1 |     1 |     2 ||     4
    Use: Potion            |       |     1 |     2 ||     3
         Scroll            |       |     1 |       ||     1
   Stab: Sleeping          |     7 |     4 |     3 ||    14
 Armour: Robe              |     8 |    16 |     3 ||    27
  Dodge: Dodged            |    48 |    60 |    55 ||   163

Table legend: (Time is in decaauts)
 A = Elapsed time spent in this place.
 B = Non-inter-level travel time spent in this place.
 C = Inter-level travel time spent in this place.
 D = Time resting spent in this place.
 E = Time spent auto-exploring this place.
 F = Levels seen in this place.
 G = Mean time per level.
                   A        B        C        D        E       F      G
               +--------+--------+--------+--------+--------+-----+--------+
         Total |   6488 |   6131 |    357 |   1668 |   2927 |   7 |  926.9 |
       Dungeon |   6224 |   5867 |    357 |   1581 |   2927 |   6 | 1037.3 |
         Sewer |    263 |    263 |      0 |     87 |      0 |   1 |  263.0 |
               +--------+--------+--------+--------+--------+-----+--------+

Top non-repeatable levels by time:
     D:5: 1497 daAuts
     D:1: 1490 daAuts
     D:3: 1255 daAuts
     D:2: 1066 daAuts
     D:4: 895 daAuts
   Sewer: 263 daAuts
     D:6: 19 daAuts
